 Dungeon Crawl Stone Soup version 0.28-a0-604-g249bb1af34 (webtiles) character file.

Game seed: 9347392041814625528

4319 KristoblXynda the Carver (level 10, -5/89 HPs)
             Began as a Grey Draconian Gladiator on Oct 5, 2021.
             Was an Initiate of Gozag.
             Killed by divine providence
             ... invoked by an orc priest
              (10 damage)
             ... on level 8 of the Dungeon.
             The game lasted 00:11:55 (10480 turns).

KristoblXynda the Carver (DrGl)                    Turns: 10480, Time: 00:11:56

Health: -5/89      AC: 18    Str: 16    XL:     10   Next: 11%
Magic:  10/10      EV: 23    Int: 10    God:    Gozag
Gold:   734        SH:  5    Dex: 15    Spells: 5/9 levels left

rFire   . . .      SeeInvis .   y - +0 scimitar
rCold   . . .      Faith    .   (no shield)
rNeg    . . .      Spirit   .   (armour unavailable)
rPois   .          Reflect  +   b - +1 hat
rElec   .          Harm     .   j - +1 cloak
rCorr   .          Rampage  .   l - +2 pair of gloves
Will    .....                   (no boots)
Stlth   +.........              g - amulet of reflection
HPRegen 0.24/turn               q - +4 ring of evasion
MPRegen 0.12/turn               k - +4 ring of evasion

@: gold aura
A: AC +12, amphibious, unfitting armour, cold-blooded
a: Renounce Religion, Potion Petition, Call Merchant, Bribe Branch


You were on level 8 of the Dungeon.
You worshipped Gozag.
Gozag was pleased with you.
You visited 2 branches of the dungeon, and saw 9 of its levels.

You collected 849 gold pieces.
You spent 72 gold pieces at shops.
You paid 43 gold pieces to Gozag.

Inventory:

Hand Weapons
 y - a +0 scimitar (weapon)
Missiles
 c - a throwing net (quivered)
Armour
 b - a +1 hat (worn)
 j - a +1 cloak (worn)
 l - a +2 pair of gloves (worn)
Jewellery
 d - an amulet of guardian spirit
 g - an amulet of reflection (around neck)
 k - a +4 ring of evasion (right hand)
 m - a ring of flight
 q - a +4 ring of evasion (left hand)
Wands
 x - a wand of digging (8)
Scrolls
 h - 3 scrolls of teleportation
Potions
 e - a potion of flight
 i - a potion of attraction
 n - 2 potions of haste
 o - a potion of invisibility
 r - a potion of degeneration {unknown}
 s - a potion of heal wounds {unknown}
 t - a potion of brilliance {unknown}
 u - a potion of lignification {unknown}
 z - a potion of ambrosia


   Skills:
 + Level 8.3 Fighting
 + Level 10.5 Long Blades
 - Level 2.0 Throwing
 + Level 7.3 Dodging
 + Level 2.5 Evocations


You had 5 spell levels left.
You knew the following spells:

 Your Spells              Type           Power      Damage    Failure   Level
a - Hailstorm             Conj/Ice       0%         3d3       98%         4

Your spell library contained the following spells:

 Spells                   Type           Power      Damage    Failure   Level
 Freeze                   Ice            0%         1d3       36%         1
 Frozen Ramparts          Ice            0%         1d2       75%         3
 Inner Flame              Hex/Fire       0%         N/A       75%         3
 Tukima's Dance           Hex            0%         N/A       75%         3
 Cause Fear               Hex            0%         N/A       98%         4
 Passage of Golubria      Tloc           N/A        N/A       98%         4
 Yara's Violent Unravell  Hex/Tmut       0%         3d3       100%        5
 Conjure Ball Lightning   Conj/Air       0%         3x3d6     100%        6
 Discord                  Hex            0%         N/A       100%        8
 Disjunction              Tloc           0%         N/A       100%        8


Dungeon Overview and Level Annotations

Branches:
Dungeon (8/15)             Temple (1/1) D:5            Lair (0/6) D:8

Altars:
Ashenzari
Cheibriados
Dithmenos
Elyvilon
Fedhas
Gozag
Hepliaklqana
Kikubaaqudgha
Makhleb
Nemelex Xobeh
Okawaru
Ru
Sif Muna
Trog
Uskayaw
Vehumet
Wu Jian
Xom
Yredelemnul
Zin
The Shining One

Shops:
D:4 *   D:8 *


Innate Abilities, Weirdness & Mutations

Your dull iron-grey scales are very hard. (AC +12)
You are amphibious.
You cannot fit into any form of body armour.
You are cold-blooded and may be slowed by cold attacks.


Message History

The orc priest invokes the aid of Beogh against you.
Beogh smites you! The warg misses you.
You slash the warg!
You kill the warg!
The orc warrior misses you. The orc warrior misses you.
The orc priest looks satisfied for a moment.
You see here 16 gold pieces.
You slice the orc warrior!!
The orc warrior is severely wounded.
The orc warrior hits you with a +0 halberd!
You closely miss the orc warrior.
The orc warrior is severely wounded.
You hit the orc warrior.
The orc warrior is severely wounded.
The orc warrior completely misses you.
The orc priest begins to cast a cantrip, but forgets the words!
You barely miss the orc warrior.
The orc warrior is severely wounded.
The orc warrior misses you.
The orc priest invokes the aid of Beogh against you.
Beogh smites you!
* * * LOW HITPOINT WARNING * * *
You hit the orc warrior.
The orc warrior is severely wounded.
The orc warrior hits you with a +0 halberd!
* * * LOW HITPOINT WARNING * * *
You hit the orc warrior but do no damage.
You tail-slap the orc warrior.
The orc warrior is almost dead.
The orc warrior closely misses you.
Unknown command.
You block the orc warrior's attack.
The orc priest calls down the wrath of Beogh upon you.
Beogh smites you!
* * * LOW HITPOINT WARNING * * *
The orc priest calls down the wrath of Beogh upon you.
Beogh smites you!
You die...
Your body crumbles into a pile of gold.

#.....# ##.# #.###
#.....# #.# #..##
#.....# #.#######.##
#.....####...##......
#........###.##......
#.....##.###.........
####.###..#####......
##.####.).# ##.####
#.@.....#.####..###
#.#####.#.....#.##.
#o# #.#####...... #.#
#............ #h#
######....... #oo.#
#....... #.....#
#..>.... #..(....#
###....##. #....P..#
###...##..#.


You could see a warg, an orc warrior, an orc priest and an orc.

Vanquished Creatures
  Sigmund (D:2)
  6 yaks
  A steam dragon (D:7)
  A warg (D:8)
  2 water moccasins
  A hornet zombie (D:5)
  2 orc warriors (D:8)
  A sky beast (D:6)
  4 ogres
  2 necrophages
  A black bear (D:4)
  A centaur (D:7)
  A kobold brigand (D:8)
  2 gnoll sergeants (D:8)
  A water moccasin zombie (D:6)
  2 bullfrogs
  3 scorpions
  5 killer bees (D:8)
  3 howler monkeys
  A hound (D:6)
  A jelly (D:4)
  A bullfrog zombie (D:6)
  An orc priest (D:8)
  A bullfrog skeleton (D:6)
  2 centaur skeletons
  10 iguanas
  6 orc wizards
  A hound skeleton (D:4)
  A howler monkey zombie (D:8)
  5 gnolls
  A howler monkey skeleton (D:6)
  8 adders
  A shadow imp (D:6)
  An ufetubus (D:6)
  A worm (D:2)
  A dart slug (D:4)
  29 orcs
  9 bats
  12 endoplasms
  6 giant cockroaches
  9 goblins
  9 hobgoblins
  2 jackals (D:3)
  14 kobolds
  A quokka (D:2)
  9 ball pythons
  4 frilled lizards
  9 rats
196 creatures vanquished.

Vanquished Creatures (others)
  3 fungi (D:4)
  10 toadstools (D:4)
13 creatures vanquished.

Grand Total: 209 creatures vanquished

Notes
Turn   | Place    | Note
-------+----------+-------------------------------------------
     0 | D:1      | KristoblXynda the Draconian Gladiator began the quest for
                  | the Orb.
     0 | D:1      | Reached XP level 1. HP: 17/17 MP: 1/1
   233 | D:1      | Reached XP level 2. HP: 25/25 MP: 2/2
   881 | D:1      | Found a faded altar of an unknown god.
  1222 | D:2      | Reached XP level 3. HP: 26/30 MP: 3/3
  1800 | D:2      | Noticed Sigmund
  1813 | D:2      | Killed Sigmund
  1814 | D:2      | Reached skill level 4 in Long Blades
  1814 | D:2      | Reached XP level 4. HP: 35/39 MP: 1/4
  1814 | D:2      | Reached XP level 5. HP: 41/45 MP: 1/5
  2647 | D:2      | Reached skill level 5 in Long Blades
  2741 | D:3      | Noticed a necrophage
  2764 | D:3      | Killed a necrophage
  2765 | D:3      | Reached XP level 6. HP: 35/52 MP: 6/6
  2913 | D:3      | Found a burning altar of Makhleb.
  2915 | D:3      | Found a hide-covered altar of Uskayaw.
  3028 | D:3      | Found a white marble altar of Elyvilon.
  3030 | D:3      | Found a broken altar of Ashenzari.
  3830 | D:4      | Found Qeazust's Assorted Antiques.
  3844 | D:4      | Bought a potion of curing for 72 gold pieces
  4382 | D:4      | Your scales start taking on a dull iron-grey colour.
  4382 | D:4      | Reached XP level 7. HP: 14/60 MP: 7/7
  4784 | D:4      | Reached skill level 6 in Long Blades
  5344 | D:5      | Entered Level 5 of the Dungeon
  5412 | D:5      | Reached skill level 5 in Fighting
  5455 | D:5      | Reached skill level 7 in Long Blades
  5514 | D:5      | Reached XP level 8. HP: 32/69 MP: 8/8
  5518 | D:5      | Reached skill level 5 in Dodging
  6062 | D:5      | Found a staircase to the Ecumenical Temple.
  6088 | Temple   | Entered the Ecumenical Temple
  6313 | Temple   | Became a worshipper of Gozag Ym Sagoz the Greedy
  6405 | D:5      | Found an ornate altar of the Wu Jian Council.
  6877 | D:6      | Reached skill level 8 in Long Blades
  7786 | D:7      | Reached XP level 9. HP: 63/76 MP: 9/9
  7816 | D:7      | Reached skill level 9 in Long Blades
  8398 | D:7      | Noticed an angel
  8399 | D:7      | Found a glowing silver altar of Zin.
  8405 | D:7      | Found a shimmering altar of Xom.
  8632 | D:7      | Found a hazy altar of Hepliaklqana.
  8847 | D:7      | Reached skill level 10 in Long Blades
  9639 | D:8      | Reached skill level 1 in Evocations
 10049 | D:8      | Learned a level 4 spell: Hailstorm
 10071 | D:8      | Found Fuqyozux's General Store.
 10091 | D:8      | Reached XP level 10. HP: 83/88 MP: 10/10
 10453 | D:8      | Found a staircase to the Lair.
 10480 | D:8      | Killed from afar by an orc priest

Illustrated notes

Levels and vault maps discovered:
D:1:      scummos_arrival_simple_crosswalls, layout_loops_ring,
          shapermc_ecumenical_altar_mp_urbaneastern
D:2:      layout_loops_corners, kennysheep_cross_room, uniq_sigmund
D:3:      layout_loops_cross, nicolae_overflow_hidden_temple,
          chequers_serial_rivers_large_a
D:4:      cheibrodos_fertilizer, layout_cave_pods, serial_shops, shop
D:5:      layout_basic, lemuel_round_altar, minmay_temple_entry_mini_moons
D:6:      layout_loops_corners
D:7:      layout_cave_pools, grunt_temple_overflow_order_and_chaos_1,
          nzn_hepliaklqana_mist_gate
D:8:      layout_rooms, erik_lair_orcish_takeover, serial_shops,
          nicolae_inconvenience_store, blue_anna_alchemist
Temple:   nicolae_temple_figure_eight

Skill      XL: |  1  2  3  4  5  6  7  8  9 |
---------------+----------------------------+-----
Throwing       | 2 |  2.0
Dodging        | 3 4 6 7 |  7.3
Fighting       | 3 4 5 6 8 |  8.3
Long Blades    | 4 5 7 8 10 | 10.5
Evocations     | 2 |  2.5

Action                   |  1- 3 |  4- 6 |  7- 9 | 10-12 || total
-------------------------+-------+-------+-------+-------++-------
Melee: Long sword        |   106 |   184 |   551 |       ||   841
       Tailslap          |     8 |    18 |   107 |    10 ||   143
       Scimitar          |       |       |    12 |    62 ||    74
Throw: Throwing net      |     1 |     1 |     1 |       ||     3
  Use: Potion            |     1 |     1 |       |       ||     2
       Scroll            |       |     5 |     6 |       ||    11
 Stab: Sleeping          |     4 |     2 |       |       ||     6
       Held in net/web   |       |       |     2 |       ||     2
Armor: Skin              |    43 |    58 |   215 |     8 ||   324
Dodge: Dodged            |    71 |   132 |   545 |    48 ||   796
Block: Other             |     4 |    59 |   154 |     9 ||   226
       Reflection        |       |     4 |       |       ||     4

Table legend: (Time is in decaauts)
 A = Elapsed time spent in this place.
 B = Non-inter-level travel time spent in this place.
 C = Inter-level travel time spent in this place.
 D = Time resting spent in this place.
 E = Time spent auto-exploring this place.
 F = Levels seen in this place.
 G = Mean time per level.
                   A        B        C        D        E       F      G
               +--------+--------+--------+--------+--------+-----+--------+
         Total |  10523 |  10312 |    211 |   2637 |   5750 |   9 | 1169.2 |
       Dungeon |  10277 |  10100 |    177 |   2637 |   5543 |   8 | 1284.6 |
        Temple |    245 |    211 |     34 |      0 |    207 |   1 |  245.0 |
               +--------+--------+--------+--------+--------+-----+--------+

Top non-repeatable levels by time:
     D:4: 1996 daAuts
     D:7: 1762 daAuts
     D:2: 1298 daAuts
     D:1: 1216 daAuts
     D:5: 1174 daAuts
     D:6: 1004 daAuts
     D:8: 923 daAuts
     D:3: 902 daAuts
  Temple: 245 daAuts
